 Dungeon Crawl Stone Soup version 0.28-a0-384-g9e0c098162 (webtiles) character file.

Game seed: 8266983733853487074

7 freelancePsychic the Caller (level 2, 0/19 HPs)
             Began as a Barachi Summoner on Sept 3, 2021.
             Slain by a jackal (2 damage)
             ... on level 1 of the Dungeon.
             The game lasted 00:01:00 (420 turns).

freelancePsychic the Caller (Barachi Summoner)       Turns: 420, Time: 00:01:01

Health: 0/19       AC:  2    Str:  9    XL:     2   Next: 0%
Magic:  2/5        EV: 12    Int: 15    God:
Gold:   16         SH:  0    Dex: 12    Spells: 4/5 levels left

rFire   . . .      SeeInvis .   (no weapon)
rCold   . . .      Faith    .   (no shield)
rNeg    . . .      Spirit   .   a - +0 robe
rPois   .          Reflect  .   (no helmet)
rElec   .          Harm     .   (no cloak)
rCorr   .          Rampage  .   (no gloves)
Will    .....                   (no boots)
Stlth   ++........              (no amulet)
HPRegen 0.06/turn               (no ring)
MPRegen 0.09/turn               (no ring)

@: slow
A: amphibious, slowness 1, strong legs 1, +LOS
a: Hop


You were on level 1 of the Dungeon.
You visited 1 branch of the dungeon, and saw 1 of its levels.

You collected 16 gold pieces.

Inventory:

Armour
 a - a +0 robe (worn)
Potions
 b - a potion of flight {unknown}


   Skills:
 - Level 0.2 Fighting
 - Level 2.1 Dodging
 - Level 1.7 Stealth
 - Level 2.1 Spellcasting
 * Level 5.3 Summonings


You had 4 spell levels left.
You knew the following spells:

 Your Spells              Type           Power      Damage    Failure   Level
a - Summon Small Mammal   Summ           68%        N/A       2%          1

Your spell library contained the following spells:

 Spells                   Type           Power      Damage    Failure   Level
 Call Imp                 Summ           17%        N/A       3%          2
 Call Canine Familiar     Summ           17%        N/A       8%          3
 Summon Guardian Golem    Hex/Summ       9%         N/A       22%         3
 Summon Lightning Spire   Summ/Air       9%         N/A       58%         4


Dungeon Overview and Level Annotations

Branches:
Dungeon (1/15)

Altars:


Innate Abilities, Weirdness & Mutations

You are amphibious.
You cover ground slowly.
You can hop short distances.
You have an extended range of vision and can be seen from far away.


Message History

Your quokka barely misses the hobgoblin.
The hobgoblin hits you.
The jackal bites you but does no damage.
You barely miss the jackal.
The jackal is heavily wounded.
Your quokka bites the hobgoblin.
The jackal bites you. The hobgoblin closely misses you.
You closely miss the jackal.
The jackal is heavily wounded.
The jackal closely misses you.
Your quokka barely misses the hobgoblin.
The hobgoblin barely misses you.
The jackal bites you but does no damage.
Your quokka barely misses the hobgoblin.
You completely miss the jackal.
The jackal is heavily wounded.
The jackal barely misses you.
Your quokka bites the hobgoblin.
The hobgoblin hits you.
You hit the jackal but do no damage.
The jackal is heavily wounded.
The jackal misses you.
Your quokka bites the hobgoblin but does no damage.
The hobgoblin closely misses you.
You hit the hobgoblin but do no damage.
The hobgoblin is severely wounded.
The jackal completely misses you.
Your quokka closely misses the hobgoblin.
The hobgoblin hits you. The jackal bites you.
* * * LOW HITPOINT WARNING * * *
You hit the hobgoblin but do no damage.
The hobgoblin is severely wounded.
Your quokka completely misses the hobgoblin.
The jackal barely misses you. The hobgoblin barely misses you.
You barely miss the hobgoblin.
The hobgoblin is severely wounded.
Your quokka closely misses the hobgoblin.
The jackal barely misses you. The hobgoblin hits you.
* * * LOW HITPOINT WARNING * * *
The jackal bites you.
You die...

#..............# #..+..
#..............####..#..
#....>...............#..
#..............####..#..
#..............# #..'..
##.#####........# #.##..
#..#...#..#.##### #.###'
#†[.#...#.# #.##..
#..#.r.#@h#.# #.##..
#..#####g##.# #.##.>
#......r.##.# #.##..
#.##....###.##### #.##..
#........$......# #.##..
#####....h....... ).....
#....§§§....# #####
#...b..§h....
#....§......#


You could see a jackal (ally target), a hobgoblin and a friendly quokka
(summoned).

Vanquished Creatures (collateral kills)
  An endoplasm (D:1)
  A hobgoblin (D:1)
  A jackal (D:1)
  A quokka (D:1)
  A ball python (D:1)
  A frilled lizard (D:1)
6 creatures vanquished.

Notes
Turn   | Place    | Note
-------+----------+-------------------------------------------
     0 | D:1      | freelancePsychic the Barachi Summoner began the quest for
                  | the Orb.
     0 | D:1      | Reached XP level 1. HP: 13/13 MP: 3/3
   104 | D:1      | Reached skill level 5 in Summonings
   412 | D:1      | Reached XP level 2. HP: 12/19 MP: 1/5
   420 | D:1      | Slain by a jackal

Illustrated notes

Levels and vault maps discovered:
D:1:      dpeg_arrival_simpleton_b, layout_basic, minmay_distorted

Skill      XL: |  1 |
---------------+----+-----
Summonings     | 5 |  5.3
Fighting       | |  0.2
Dodging        | |  2.1
Stealth        | |  1.7
Spellcasting   | |  2.1

Action                   || total
-------------------------++-------
Melee: Unarmed           ||    24
 Cast: Summon Small Mamm ||    10
Armor: Robe              ||     8
Dodge: Dodged            ||    25

Table legend: (Time is in decaauts)
 A = Elapsed time spent in this place.
 B = Non-inter-level travel time spent in this place.
 C = Inter-level travel time spent in this place.
 D = Time resting spent in this place.
 E = Time spent auto-exploring this place.
 F = Levels seen in this place.
 G = Mean time per level.
                   A        B        C        D        E       F      G
               +--------+--------+--------+--------+--------+-----+--------+
         Total |    430 |    430 |      0 |      0 |    357 |   1 |  430.0 |
       Dungeon |    430 |    430 |      0 |      0 |    357 |   1 |  430.0 |
               +--------+--------+--------+--------+--------+-----+--------+

Top non-repeatable levels by time:
     D:1: 430 daAuts
